 Dungeon Crawl Stone Soup version 0.21.1-1-g345015f (webtiles) character file.

16948 inmateoo the Basher (level 12, 0/97 HPs)
             Began as a Barachi Fighter on Mar 22, 2018.
             Was a High Priest of Okawaru.
             Killed by drain life
             ... invoked by a soul eater
             ... summoned by Frances
              (14 damage)
             ... on level 12 of the Dungeon.
             The game lasted 00:18:09 (13051 turns).

inmateoo the Basher (Barachi Fighter)              Turns: 13051, Time: 00:18:09

Health: 0/97       AC: 30    Str: 21    XL:     12   Next: 42%
Magic:  13/15      EV:  9    Int: 11    God:    Okawaru [*****.]
Gold:   939        SH: 13    Dex: 11    Spells: 7/11 levels left

rFire    . . .     SeeInvis +   h - +5 demon whip (drain)
rCold    . . .     Gourm    +   c - +0 shield
rNeg     . . .     Faith    .   H - +0 crystal plate armour
rPois    +         Spirit   .   r - +2 helmet
rElec    .         Reflect  .   a - +2 cloak {+Inv}
rCorr    .         Harm     .   J - +0 pair of gloves
MR       .....                  C - +0 pair of boots
Stlth    ..........             s - amulet of the gourmand
HPRegen  0.26/turn              m - ring of see invisible
MPRegen  0.14/turn              L - ring of poison resistance

@: heroism, corroded, very slightly contaminated, slow
A: +LOS, swims, slowness 1, strong legs 1
a: Hop, Heroism, Finesse, Renounce Religion, Evoke Invisibility


You were on level 12 of the Dungeon.
You worshipped Okawaru.
Okawaru was extremely pleased with you.
You were completely stuffed.

You visited 2 branches of the dungeon, and saw 13 of its levels.
You also visited: Labyrinth.

You collected 939 gold pieces.

Inventory:

Hand Weapons
 h - a +5 demon whip of draining (weapon)
Armour
 a - a +2 cloak of invisibility (worn)
 c - a +0 shield (worn)
 r - a +2 helmet (worn)
 B - a +0 hat of see invisible
 C - a +0 pair of boots (worn)
 H - a +0 crystal plate armour (worn)
 J - a +0 pair of gloves (worn)
Jewellery
 m - a ring of see invisible (left hand)
 s - an amulet of the gourmand (around neck)
 A - a cursed ring of loudness {unknown}
 L - a ring of poison resistance (right hand)
Wands
 p - a wand of flame (66)
 q - a wand of iceblast (18)
 t - a wand of random effects (25)
 T - a wand of paralysis (30)
 V - a wand of acid (4)
Scrolls
 e - 3 scrolls of identify
 g - 4 scrolls of magic mapping
 j - 5 scrolls of fog
 k - 6 scrolls of teleportation
 x - a scroll of fear
 y - 4 scrolls of remove curse
 K - a scroll of enchant armour
 M - a scroll of amnesia
Potions
 b - a potion of cancellation
 d - a potion of might
 i - a potion of heal wounds
 l - a potion of ambrosia
 n - 3 potions of agility
 o - 4 potions of curing
 u - a potion of resistance {unknown}
 v - a potion of magic
 w - 3 potions of brilliance
 D - 2 potions of lignification
 E - 4 potions of flight
Comestibles
 f - 31 rations
 z - 4 chunks of flesh


   Skills:
 + Level 10.2(15.2) Fighting
 * Level 12.3(17.3) Maces & Flails
 + Level 10.2(15.2) Armour
 + Level 8.2(13.2) Dodging
 + Level 9.3(14.3) Shields
 + Level 4.8 Invocations


You had 7 spell levels left.
You knew the following spells:

 Your Spells              Type           Power        Failure   Level  Hunger
a - Apportation           Tloc           #.....       100%        1    ##.....
b - Regeneration          Chrm/Necr      #.........   100%        3    ####...


Dungeon Overview and Level Annotations

Branches:
Dungeon (12/15)            Temple (1/1) D:7            Lair (0/6) D:11
    Orc: D:9-12

Altars:
Ashenzari
Cheibriados
Dithmenos
Elyvilon
Fedhas
Gozag
Hepliaklqana
Kikubaaqudgha
Makhleb
Nemelex Xobeh
Okawaru
Qazlal
Ru
Sif Muna
Trog
Uskayaw
Vehumet
Wu Jian
Xom
Yredelemnul
Zin
The Shining One

Shops:
D:7 !

Annotations:
D:12 Frances


Innate Abilities, Weirdness & Mutations

Shadows flee at your approach. (+LOS)
You can swim through water.
You cover ground slowly.
You can hop short distances.


Message History

You gain the combat prowess of a mighty hero.
Frances closely misses you. You block the rust devil's attack.
The ice devil hits you but does no damage.
The soul eater draws from the surrounding life force!
The shadow imp hits you but does no damage.
You fail to use your ability.
Frances hits you but does no damage. You block the rust devil's attack.
You block the ice devil's attack.
The soul eater draws from the surrounding life force!
* * * LOW HITPOINT WARNING * * *
Frances hits you with a halberd!
* * * LOW HITPOINT WARNING * * *
The shadow imp barely misses you.
Unknown command.
Blink to where?
Press: ? - help, Dir - move target cursor You are very lightly contaminated with residual magic.
As you read the scroll of blinking, it crumbles to dust.
Frances growls a series of guttural syllables.
The soul eater draws from the surrounding life force!
You die...

.......# .......# .
.......# .. .......#
... .......# ....
.......# .8...
..)....# ....
...#...# #####..#
...##..# ###..@...#
..###.## ##.........#
..#
#..###..@...........
..#
#..##.43............#
..#
#..##.54.............
.##
#......a.............
.#
#....................
.#
#.####...............
## #..#
#...............


You could see Frances, a soul eater, an ice devil, a rust devil, a worker ant
and a shadow imp.

Vanquished Creatures
  A minotaur (Lab)
  Harold (D:12)
  4 two-headed ogres
  A tengu warrior (D:10)
  An unseen horror (D:11)
  An ugly thing (D:12)
  A manticore (D:10)
  A cyclops (D:10)
  Psyche (D:10)
  4 trolls (D:10)
  A tengu conjurer (D:10)
  The ghost of ceb the Skirmisher, an amateur DsFi (D:5)
  3 slime creatures (D:12)
  A hornet (D:8)
  3 hippogriffs
  A vampire (D:10)
  12 yaks
  A wyvern (D:10)
  A hungry ghost (D:10)
  A basilisk (D:10)
  A porcupine (D:11)
  4 water moccasins
  4 orc warriors
  An eye of draining (D:10)
  3 sky beasts
  2 black bears (D:11)
  3 ice beasts
  2 phantoms
  4 centaurs
  2 ogres
  2 big kobolds
  Blork the orc (D:5)
  6 bullfrogs
  2 wyvern zombies
  2 gnoll sergeants (D:10)
  A scorpion (D:7)
  6 killer bees (D:7)
  3 howler monkeys
  An electric eel (D:7)
  2 centaur zombies
  2 crimson imps
  A quasit (D:10)
  8 hounds
  3 jellies
  4 orc priests
  5 orc wizards
  2 centaur skeletons
  5 iguanas
  Natasha (thrice) (D:2)
  6 worker ants
  2 killer bee zombies
  A hound skeleton (D:4)
  A hound zombie (D:9)
  A worker ant zombie (D:10)
  11 gnolls
  7 adders
  3 howler monkey skeletons
  6 shadow imps
  An ooze (D:5)
  2 adder zombies
  5 adder skeletons
  4 dart slugs
  6 leopard geckos
  28 orcs
  A ball python (D:8)
  7 giant cockroaches
  6 goblins
  10 hobgoblins
  7 jackals
  11 kobolds
  8 quokkas
  9 bats
  3 frilled lizards
  9 rats
281 creatures vanquished.

Vanquished Creatures (collateral kills)
  A hound skeleton (D:5)
1 creature vanquished.

Vanquished Creatures (others)
  4 plants (D:7)
4 creatures vanquished.

Grand Total: 286 creatures vanquished

Notes
Turn   | Place    | Note
-------+----------+-------------------------------------------
     0 | D:1      | inmateoo the Barachi Fighter began the quest for the Orb.
     0 | D:1      | Reached XP level 1. HP: 18/18 MP: 1/1
   187 | D:1      | Reached XP level 2. HP: 23/25 MP: 2/2
   859 | D:2      | Reached skill level 3 in Maces & Flails
   859 | D:2      | Reached XP level 3. HP: 30/30 MP: 3/3
   904 | D:2      | Noticed Natasha
   918 | D:2      | Killed Natasha
   918 | D:2      | Reached XP level 4. HP: 8/37 MP: 4/4
  1371 | D:2      | Noticed Natasha
  1376 | D:2      | Killed Natasha
  1661 | D:2      | Noticed Natasha
  1670 | D:2      | Killed Natasha
  1670 | D:2      | Reached XP level 5. HP: 28/43 MP: 5/5
  1913 | D:3      | Noticed an ice beast
  1927 | D:3      | Killed an ice beast
  1927 | D:3      | Reached skill level 4 in Maces & Flails
  2198 | D:3      | Reached XP level 6. HP: 49/49 MP: 6/6
  2953 | D:4      | Reached skill level 5 in Fighting
  3051 | D:4      | Reached skill level 5 in Armour
  3058 | D:4      | Reached skill level 5 in Maces & Flails
  3058 | D:4      | Reached skill level 1 in Dodging
  3661 | D:5      | Entered Level 5 of the Dungeon
  3661 | D:5      | Noticed ceb's ghost (amateur DsFi)
  3674 | D:4      | Reached XP level 7. HP: 36/56 MP: 7/7
  3880 | D:5      | Noticed Blork the orc
  3895 | D:5      | Killed Blork the orc
  4511 | D:5      | Killed ceb's ghost
  4511 | D:5      | Reached skill level 5 in Shields
  4558 | D:5      | Found a glowing silver altar of Zin.
  4647 | D:6      | Noticed a hippogriff
  4656 | D:6      | Killed a hippogriff
  4656 | D:6      | Reached skill level 6 in Maces & Flails
  4656 | D:6      | Reached XP level 8. HP: 28/64 MP: 8/8
  5864 | D:6      | Reached skill level 7 in Maces & Flails
  6056 | D:7      | Got a jewelled war axe {chop}
  6065 | D:7      | Identified the +5 war axe "Nugoklamu" {chop, Stlth+} (You took it off a goblin on level 7 of the Dungeon)
  6209 | D:7      | Found a bloodstained altar of Trog.
  6300 | D:7      | Reached XP level 9. HP: 57/71 MP: 9/9
  6388 | D:7      | Found Nyah's Distillery.
  6418 | D:7      | Reached skill level 8 in Maces & Flails
  7491 | D:7      | Found a staircase to the Ecumenical Temple.
  7502 | Temple   | Entered the Ecumenical Temple
  7663 | Temple   | Became a worshipper of Warmaster Okawaru
  7854 | D:8      | Noticed a hornet
  7859 | D:8      | Killed a hornet
  7979 | D:8      | Reached skill level 5 in Dodging
  8027 | D:8      | Reached * piety under Okawaru
  8027 | D:8      | Reached skill level 9 in Maces & Flails
  8348 | D:8      | Noticed a two-headed ogre
  8356 | D:8      | Killed a two-headed ogre
  8356 | D:8      | Reached XP level 10. HP: 80/80 MP: 10/10
  8643 | D:9      | Reached skill level 1 in Invocations
  8651 | D:9      | Reached ** piety under Okawaru
  8898 | D:9      | Got a flickering steel amulet
  8987 | D:9      | Reached skill level 10 in Maces & Flails
  9278 | D:9      | Noticed a two-headed ogre
  9290 | D:9      | Killed a two-headed ogre
  9807 | D:10     | Entered Level 10 of the Dungeon
  9968 | D:10     | Noticed a cyclops
  9974 | D:10     | Killed a cyclops
  9974 | D:10     | Reached XP level 11. HP: 79/87 MP: 12/12
  9983 | D:10     | Reached *** piety under Okawaru
 10044 | D:10     | Noticed a two-headed ogre
 10059 | D:10     | Killed a two-headed ogre
 10114 | D:10     | Reached **** piety under Okawaru
 10126 | D:10     | Reached skill level 11 in Maces & Flails
 10227 | D:10     | Noticed a tengu warrior
 10268 | D:10     | Killed a tengu warrior
 10329 | D:10     | Noticed a manticore
 10344 | D:10     | Killed a manticore
 11013 | D:10     | Reached ***** piety under Okawaru
 11037 | D:10     | Noticed a two-headed ogre
 11048 | D:10     | Killed a two-headed ogre
 11362 | D:10     | Noticed Psyche
 11370 | D:10     | Killed Psyche
 11646 | D:10     | Identified the amulet "Yluowit" {Harm *Drain MP+9} (You found it on level 9 of the Dungeon)
 11827 | D:11     | Identified a scroll of acquirement
 11845 | D:11     | Found a labyrinth entrance.
 11886 | Lab      | Entered a labyrinth
 12092 | Lab      | Noticed a minotaur
 12103 | Lab      | Killed a minotaur
 12103 | Lab      | Received a gift from Okawaru
 12103 | Lab      | Reached XP level 12. HP: 27/97 MP: 15/15
 12111 | Lab      | Identified the Handbook of Noxious Snow
 12381 | D:11     | Learned a level 1 spell: Apportation
 12385 | D:11     | Learned a level 3 spell: Regeneration
 12424 | D:11     | Reached skill level 10 in Armour
 12548 | D:11     | Reached skill level 12 in Maces & Flails
 12552 | D:11     | Reached skill level 10 in Fighting
 12680 | D:11     | Found a staircase to the Lair.
 13012 | D:12     | Noticed Harold
 13025 | D:12     | Killed Harold
 13037 | D:12     | Noticed Frances
 13043 | D:12     | Noticed a soul eater
 13051 | D:12     | Killed from afar by a soul eater

Skill      XL: |  1  2  3  4  5  6  7  8  9 10 11 12 |
---------------+-------------------------------------+-----
Fighting       | 4 5 6 7 8 9 10 | 10.2
Maces & Flails | 3 4 5 6 7 9 10 11 12 | 12.3
Armour         | 4 5 6 8 9 10 | 10.2
Shields        | 4 5 6 7 8 9 |  9.3
Dodging        | 1 2 3 5 6 7 8 |  8.2
Invocations    | 2 4 |  4.8

Action                   |  1- 3 |  4- 6 |  7- 9 | 10-12 || total
-------------------------+-------+-------+-------+-------++-------
Melee: Flail             |    91 |   227 |   225 |    45 ||   588
       War axe           |       |       |   168 |   339 ||   507
       Demon whip        |       |       |       |   140 ||   140
Invok: Heroism           |       |       |       |     3 ||     3
Evoke: Wand              |       |       |    15 |       ||    15
  Use: Scroll            |       |    12 |    12 |     6 ||    30
       Potion            |       |       |     2 |     4 ||     6
 Stab: Invisible         |       |       |       |     2 ||     2
  Eat: Chunk             |     1 |     8 |    18 |    21 ||    48
       Ration            |       |       |     2 |     2 ||     4
Armor: Scale mail        |    45 |   117 |    36 |       ||   198
       Chain mail        |       |       |   136 |       ||   136
       Crystal plate arm |       |       |     3 |   376 ||   379
Dodge: Dodged            |    33 |    90 |   118 |    92 ||   333
Block: Shield            |    60 |   142 |   209 |   370 ||   781
